AoeStats
← KangourouGarou

MegaRandom

509108116Analyzed
2v2 RM · 6d ago on Sep 25, 2026· 45m 9s· 4 players
Game mode
Random Map
Map size
Medium (4 player)
Population
200
Speed
Normal
Resources
Standard
Victory
Conquest
Starting age
Dark Age
Ending age
Imperial Age
RankedLock teamsTeams togetherTeam positionsShared explorationLock speedFull tech treeHidden civsTurbo modeCheats
Victory
Defeat
🇩🇪 Persians · Germany
905
+14
🇩🇪 Teutons · Germany
904
+14
🇫🇷 Goths · France
867
-14
🇫🇷 Danes · France
866
-14
Guignom
11:52 Loom
13:39 Feudal Age
14:06 Fishing Lines
14:12 Horse Collar
14:22 Double-Bit Axe
15:44 Gold Mining
21:43 Castle Age
23:14 Heavy Plow
23:51 Gold Shaft Mining
23:07 Stone Mining
23:16 Stone Mining
27:23 Wheelbarrow
27:03 Forging
26:53 Scale Mail Armor
26:44 Fletching
31:31 Imperial Age
33:36 Iron Casting
33:16 Chain Mail Armor
33:29 Conscription
32:57 Arson
36:13 Hand Cart
36:21 Bow Saw
35:42 Hamask
KangourouGarou
4:35 Loom
8:40 Loom
10:50 Feudal Age
12:06 Wheelbarrow
11:21 Double-Bit Axe
11:19 Horse Collar
13:15 Gold Mining
20:13 Castle Age
18:17 Stone Mining
19:50 Forging
19:42 Scale Mail Armor
21:11 Hand Cart
22:02 Bow Saw
22:48 Heavy Plow
27:44 Squires
27:04 Pikeman
38:01 Imperial Age
36:17 Iron Casting
35:58 Chain Mail Armor
38:07 Halberdier
41:49 Two-Man Saw
40:52 Man-at-Arms
42:46 Blast Furnace
42:48 Elite Huskarl
43:31 Perfusion
43:37 Anarchy
Majormarvin
13:07 Feudal Age
15:22 Double-Bit Axe
17:20 Loom
19:35 Wheelbarrow
22:47 Stone Mining
22:47 Gold Mining
24:04 Bloodlines
23:55 Horse Collar
27:11 Castle Age
27:37 Forging
27:27 Scale Mail Armor
28:16 Heavy Plow
28:28 Bow Saw
31:13 Iron Casting
30:53 Chain Mail Armor
36:05 Hand Cart
35:55 Squires
blablaxx
4:41 Loom
13:24 Feudal Age
17:29 Castle Age
20:11 Double-Bit Axe
21:54 Horse Collar
23:27 Husbandry
26:41 Forging
26:36 Scale Barding Armor
28:48 Wheelbarrow
30:25 Kamandaran
31:20 Fletching
31:30 Padded Archer Armor
32:09 Iron Casting
31:55 Chain Barding Armor
32:06 Bloodlines
32:39 Hand Cart
32:24 Crossbowman
33:09 Thumb Ring
34:01 Bodkin Arrow
38:09 Imperial Age
36:08 Padded Archer Armor
37:50 Bow Saw
40:50 Plate Barding Armor
41:42 Two-Man Saw
42:02 Leather Archer Armor
41:25 Elite War Elephant
43:36 Blast Furnace
Connection lost

Rejoining the realm…

Still unreachable

The connection could not be restored.

Session expired

The server has moved on; the page needs a fresh start.